 Dungeon Crawl Stone Soup version 0.28.0-53-g5a82cb258f (webtiles) character file.

Game seed: 12573959792322035026

11937 Gabide the Sharpshooter (level 11, -1/92 (97) HPs)
             Began as a Deep Dwarf Hunter on May 29, 2022.
             Was a Priest of Ru.
             Slain by a minotaur
             ... wielding a +0 quarterstaff
              (8 damage)
             ... in a Gauntlet.
             The game lasted 00:37:51 (10366 turns).

Gabide the Sharpshooter (Deep Dwarf Hunter)        Turns: 10366, Time: 00:37:51

HP:   -1/92 (97)    AC: 16    Str: 17    XL:     11   Next: 55%
MP:   2/2           EV: 17    Int: 11    God:    Ru [***...]
Gold: 545           SH:  0    Dex: 15    Spells: 10/10 levels left

rFire   . . .      SeeInvis +   a - +2 arbalest
rCold   . . .      Faith    +   (shield currently unavailable)
rNeg    . . .      Spirit   .   q - +3 ring mail
rPois   .          Reflect  .   J - +1 helmet {SInv}
rElec   .          Harm     .   c - +1 cloak {Will+}
rCorr   .          Rampage  .   K - +2 pair of gloves
Will    ++...      NoTele   +   n - +0 pair of boots
Stlth   +.........              B - amulet of faith
HPRegen 0.00/turn               I - +4 ring of slaying
MPRegen 0.08/turn               t - +4 ring of evasion

@: unable to drink, on berserk cooldown, drained
A: damage resistance, heal wounds, dopey 1, sense surroundings 2, inability to
drink while threatened, inability to train armour, no regeneration
a: Heal Wounds, Renounce Religion, Draw Out Power


You were in a Gauntlet.
You worshipped Ru.
Ru was most pleased with you.
You visited 2 branches of the dungeon, and saw 13 of its levels.
You also visited: Sewer and Gauntlet.

You collected 545 gold pieces.

Inventory:

Hand Weapons
 a - a +2 arbalest (weapon)
 k - a +3 broad axe
 p - the +7 spear of Uncertain Death {vorpal, rElec}
   (You found it on level 3 of the Dungeon)

   It inflicts extra damage upon your enemies.
   rElec:     It insulates you from electricity.
 w - a +6 whip of distortion
 G - a +2 short sword of electrocution
Missiles
 A - a bolt (quivered ammo)
Armour
 c - a +1 cloak of willpower (worn)
 n - a +0 pair of boots (worn)
 q - a +3 ring mail (worn)
 J - a +1 helmet of see invisible (worn)
 K - a +2 pair of gloves (worn)
Jewellery
 f - a ring of flight
 h - an amulet of the acrobat
 r - a ring of protection from cold
 t - a +4 ring of evasion (right hand)
 v - a ring of ice
 B - an amulet of faith (around neck)
 C - a ring of resist corrosion
 I - a +4 ring of slaying (left hand)
Wands
 b - a wand of polymorph (13)
 j - a wand of digging (5)
 F - a wand of iceblast (11)
 H - a wand of flame (40)
Scrolls
 d - a scroll of magic mapping
 e - a scroll of acquirement {unknown}
 l - a scroll of fog
 m - a scroll of summoning {unknown}
 s - 2 scrolls of teleportation
 y - a scroll of amnesia {unknown}
 E - a scroll of noise
 L - a scroll of brand weapon {unknown}
Potions
 g - 3 potions of mutation
 i - 3 potions of heal wounds
 u - 2 potions of curing
 z - 2 potions of flight
 D - 2 potions of brilliance


   Skills:
 - Level 6.1 Fighting
 + Level 17.2 Crossbows
 - Level 6.1 Dodging
 - Level 1.2 Stealth


You had 10 spell levels left.
You didn't know any spells.
Your spell library contained the following spells:

 Spells                   Type           Power      Damage    Failure   Level
 Beastly Appendage        Tmut           0%         N/A       54%         1
 Static Discharge         Conj/Air       0%         N/A       69%         2
 Wereblood                Tmut           0%         N/A       69%         2
 Spider Form              Tmut/Pois      0%         N/A       89%         3
 Dispel Undead            Necr           0%         3d6       100%        4
 Sticky Flame             Conj/Fire      0%         2d3       100%        4


Dungeon Overview and Level Annotations

Branches:
Dungeon (12/15)            Temple (1/1) D:6            Lair (0/6) D:11
    Orc (0/2) D:10          Sewer (visited)         Gauntlet (1/1)

Altars:
Ashenzari
Cheibriados
Dithmenos
Elyvilon
Fedhas
Gozag
Hepliaklqana
Kikubaaqudgha
Makhleb
Nemelex Xobeh
Okawaru
Qazlal
Ru
Sif Muna
Trog
Uskayaw
Vehumet
Wu Jian
Xom
Yredelemnul
Zin
The Shining One

Annotations:
Gauntlet 8 transporters


Innate Abilities, Weirdness & Mutations

You are resistant to damage.
You can heal yourself by infusing magical energy.
You are dopey. (Int -2)
You passively map the area around you.
You sometimes lose the ability to drink potions when taking damage.
You cannot train Armour skill.
You do not regenerate.


Message History

The minotaur misses you.
Okay, then.
Fire: 5 bolts
Press: ? - help, Q - select action, (/) - cycle Shift-Dir - straight line, f/p - minotaur
Aim: a minotaur, wielding a +0 quarterstaff, wearing a +0 chain mail and quivering silver javelins (moderately wounded, blind, 81% to hit)
You shoot a bolt. The bolt hits the minotaur!!
The minotaur is heavily wounded.
Fire: 4 bolts
Press: ? - help, Q - select action, (/) - cycle Shift-Dir - straight line, f/p - minotaur
Aim: a minotaur, wielding a +0 quarterstaff, wearing a +0 chain mail and quivering silver javelins (heavily wounded, blind, 81% to hit)
You shoot a bolt. The bolt hits the minotaur!
The minotaur is severely wounded.
Fire: 3 bolts
Press: ? - help, Q - select action, (/) - cycle Shift-Dir - straight line, f/p - minotaur
Aim: a minotaur, wielding a +0 quarterstaff, wearing a +0 chain mail and quivering silver javelins (severely wounded, blind, 81% to hit)
You shoot a bolt. The bolt barely misses the minotaur.
The minotaur throws a silver javelin.
The silver javelin pierces through you!
* * * LOW HITPOINT WARNING * * *
Fire: 2 bolts
Press: ? - help, Q - select action, (/) - cycle Shift-Dir - straight line, f/p - minotaur
Aim: a minotaur, wielding a +0 quarterstaff, wearing a +0 chain mail and quivering silver javelins (severely wounded, blind, 81% to hit)
You shoot a bolt. The bolt hits the minotaur.
The minotaur is severely wounded.
Fire: bolt
Press: ? - help, Q - select action, (/) - cycle Shift-Dir - straight line, f/p - minotaur
Aim: a minotaur, wielding a +0 quarterstaff, wearing a +0 chain mail and quivering silver javelins (severely wounded, blind, 81% to hit)
You shoot a bolt. The bolt hits the minotaur.
The minotaur is severely wounded.
Unknown command.
The minotaur is no longer blind.
The minotaur throws a silver javelin.
The silver javelin misses you.
You feel less exhausted. The minotaur closely misses you.
The minotaur gores you!
* * * LOW HITPOINT WARNING * * *
You see here a bolt.
A - a bolt The minotaur hits you with a +0 quarterstaff!
* * * LOW HITPOINT WARNING * * *
The minotaur gores you!
You die...

..##.##.)#...§#
.#.#.#.#.#...##
.##..^##.#...§#
.^.......#...##
##########...≈# # * **
.............######.# *
....8.....8.####....#*.**
............§##..##....# *
#########...##((@##.##...,
* #h##b#hb#...#..(H(..#
,*# ,,
##.#.b###...#.8©.##....#
##..##.##...#....## ##.#
** * #.##©#b©#.8.#.8©... *
, ##.#..###...#....##.. ,*
* ##..##.##...#.8©.##,##,
* #.##.#bh#...#...... * *
#########...##...## *,


You could see a minotaur.

Vanquished Creatures
  Fannar (D:12)
  A two-headed ogre (D:12)
  A tengu warrior (D:10)
  Pikel (D:7)
  An ugly thing (D:10)
  3 cyclopes
  An apocalypse crab (Gauntlet)
  Maurice (D:9)
  A queen bee (D:10)
  3 meliai (Gauntlet)
  4 yaks (D:11)
  Grum (D:10)
  A steam dragon (D:8)
  An acid dragon (D:11)
  A water moccasin (D:8)
  2 ice beasts (D:7)
  A hornet zombie (D:7)
  2 orc warriors
  A black bear (D:5)
  A necrophage (D:4)
  A sky beast (D:5)
  2 wolves (D:10)
  An ogre (D:5)
  3 centaurs
  2 lemures (D:7)
  A phantom (D:5)
  2 kobold brigands
  2 bullfrogs (Sewer)
  2 gnoll sergeants
  A wyvern zombie (D:9)
  A scorpion (D:7)
  2 water moccasin skeletons
  24 killer bees
  9 wights (D:8)
  4 howler monkeys
  5 centaur zombies
  A jelly (D:5)
  2 hounds
  4 orc priests
  2 iguanas (D:5)
  13 orc wizards
  A hound skeleton (D:4)
  Robin (D:2)
  A howler monkey zombie (D:6)
  11 gnolls
  2 howler monkey skeletons
  8 adders
  3 white imps
  4 ufetubi
  6 dart slugs
  27 orcs
  8 ball pythons
  5 bats
  5 endoplasms
  14 giant cockroaches
  14 goblins
  7 hobgoblins
  9 jackals
  9 kobolds
  11 quokkas
  10 frilled lizards
  5 rats
274 creatures vanquished.

Vanquished Creatures (others)
  A hydra (D:10)
  A cyclops (D:10)
  2 killer bees (D:10)
  12 plants (D:2)
16 creatures vanquished.

Grand Total: 290 creatures vanquished

Notes
Turn   | Place    | Note
-------+----------+-------------------------------------------
     0 | D:1      | Gabide the Deep Dwarf Hunter began the quest for the Orb.
     0 | D:1      | Reached XP level 1. HP: 19/19 MP: 1/1
   128 | D:1      | Found a faded altar of an unknown god.
   230 | D:1      | Reached skill level 5 in Crossbows
   230 | D:1      | Reached XP level 2. HP: 19/26 MP: 2/2
   716 | D:2      | Reached XP level 3. HP: 22/32 MP: 3/3
   720 | D:2      | Noticed Robin
   772 | D:2      | Killed Robin
   801 | D:2      | Reached skill level 6 in Crossbows
  1175 | D:2      | Reached XP level 4. HP: 39/39 MP: 4/4
  1454 | D:3      | Reached skill level 7 in Crossbows
  1454 | D:3      | Reached XP level 5. HP: 25/45 MP: 5/5
  1544 | D:3      | Identified the +7 spear of Uncertain Death {vorpal, rElec}
  1594 | D:3      | Found a glowing drain.
  1621 | Sewer    | Entered a sewer
  1757 | Sewer    | Reached skill level 8 in Crossbows
  1757 | Sewer    | Reached XP level 6. HP: 10/52 MP: 4/4
  2602 | D:4      | Reached skill level 9 in Crossbows
  2677 | D:4      | Found Vaideis's Elemental Accessories.
  3101 | D:5      | Entered Level 5 of the Dungeon
  3340 | D:5      | Reached XP level 7. HP: 48/58 MP: 5/5
  3422 | D:5      | Reached skill level 10 in Crossbows
  3514 | D:5      | Reached skill level 1 in Armour
  3960 | D:5      | Reached XP level 8. HP: 25/69 MP: 6/6
  5022 | D:6      | Found a staircase to the Ecumenical Temple.
  5150 | Temple   | Entered the Ecumenical Temple
  5386 | Temple   | Became a worshipper of Ru the Awakened
  5689 | D:7      | Reached skill level 5 in Dodging
  6071 | D:7      | Noticed Pikel
  6102 | D:7      | Killed Pikel
  6103 | D:7      | Reached skill level 5 in Fighting
  6103 | D:7      | Reached skill level 5 in Armour
  6103 | D:7      | Gained mutation: You passively map the area around you.
                  | [Deep Dwarf growth]
  6103 | D:7      | Reached XP level 9. HP: 36/81 MP: 6/6
  6711 | D:8      | Gained mutation: You sometimes lose the ability to drink
                  | potions when taking damage. [Ru sacrifice]
  6711 | D:8      | Reached * piety under Ru
  6949 | D:8      | Found a radiant altar of Vehumet.
  7121 | D:9      | Noticed Maurice
  7137 | D:9      | Killed Maurice
  7138 | D:9      | Reached skill level 11 in Crossbows
  7930 | D:9      | Gained mutation: You cannot train Armour skill. [Ru
                  | sacrifice]
  7930 | D:9      | Reached ** piety under Ru
  8038 | D:10     | Entered Level 10 of the Dungeon
  8059 | D:10     | Found a staircase to the Orcish Mines.
  8090 | D:10     | Reached skill level 12 in Crossbows
  8122 | D:10     | Noticed a tengu warrior
  8169 | D:10     | Killed a tengu warrior
  8170 | D:10     | Reached XP level 10. HP: 85/91 MP: 6/6
  8262 | D:10     | Found a shadowy altar of Dithmenos.
  8388 | D:10     | Found a stormy altar of Qazlal.
  8418 | D:10     | Noticed Grum
  8422 | D:10     | Reached skill level 13 in Crossbows
  8568 | D:10     | Killed Grum
  8704 | D:10     | Reached skill level 14 in Crossbows
  8966 | D:11     | Noticed a white ugly thing
  8968 | D:11     | Noticed a six-headed hydra
  9086 | D:11     | Noticed a cyclops
  9118 | D:10     | Killed a white ugly thing
  9119 | D:10     | Reached skill level 15 in Crossbows
  9126 | D:10     | Killed a six-headed hydra
  9127 | D:10     | Reached XP level 11. HP: 36/97 MP: 4/4
  9356 | D:11     | Found a staircase to the Lair.
  9450 | D:11     | Gained mutation: You are dopey. (Int -2) [Ru sacrifice]
  9450 | D:11     | Reached *** piety under Ru
  9647 | D:12     | Noticed Fannar
  9657 | D:12     | Noticed a two-headed ogre
  9665 | D:12     | Reached skill level 16 in Crossbows
  9669 | D:12     | Killed a two-headed ogre
  9748 | D:12     | Killed Fannar
  9924 | D:12     | Found a gate leading to a gauntlet.
  9939 | Gauntlet | Entered a Gauntlet
  9939 | Gauntlet | Found a transporter.
  9947 | Gauntlet | Noticed a death scarab
  9948 | Gauntlet | Found a transporter.
  9961 | Gauntlet | Found a transporter.
  9964 | Gauntlet | Found a transporter.
  9974 | Gauntlet | Found a transporter.
  9994 | Gauntlet | Found a transporter.
  9996 | Gauntlet | Noticed a hell hog
 10003 | Gauntlet | Noticed a hell beast
 10007 | Gauntlet | Found a transporter.
 10027 | Gauntlet | Found a transporter.
 10031 | Gauntlet | Found a transporter.
 10034 | Gauntlet | Noticed a catoblepas
 10041 | Gauntlet | Found a transporter.
 10068 | Gauntlet | Found a transporter.
 10068 | Gauntlet | Found a transporter.
 10069 | Gauntlet | Noticed a death scarab
 10124 | Gauntlet | Reached skill level 17 in Crossbows
 10344 | Gauntlet | Noticed a minotaur
 10366 | Gauntlet | Slain by a minotaur

Illustrated notes

Levels and vault maps discovered:
D:1:      minmay_arrival_cross, layout_rooms,
          hellmonk_ecumenical_altar_leap_of_faith, minmay_misc_feat_rugged,
          due_unseen_surprise
D:2:      layout_rooms, serial_bayou, serial_bayou_pond_d,
          serial_bayou_lagoon_b, serial_bayou_shore_a, serial_bayou_pond_d,
          uniq_robin
D:3:      layout_loops_ring, portal_sewer_entry_f
D:4:      layout_basic, nicolae_elemental_shop
D:5:      layout_loops_ring, wad_rectangle_vault
D:6:      layout_cave_pods, temple_doors_ab
D:7:      layout_basic, uniq_pikel
D:8:      minmay_general_purpose_star, layout_loops_ring,
          nicolae_overflow_crystal_walls
D:9:      layout_stronghold, uniq_maurice
D:10:     layout_gridville, grunt_qazlal_clouds, nicolae_dithmenos_the_darkroom,
          orc_0_dummy, special_room [special_room_bee], uniq_grum
D:11:     layout_cave_pools, lair_entry_dummy
D:12:     layout_roguey [special_room_orc], gauntlet_entry_generic, uniq_fannar,
          uniq_azrael
Temple:   mainiacjoe_temple_bowtie_tessellation
Gauntlet: minmay_gauntlet_mixed_oops_all_seconds
          [minmay_gauntlet_arena_77_chump_sandwich,
          gammafunk_gauntlet_arena_split_x, minmay_gauntlet_arena_77_fan,
          gammafunk_gauntlet_arena_crates,
          minmay_gauntlet_arena_77_tiled_triplets,
          gammafunk_gauntlet_arena_corners, gauntlet_exit_green]

Skill      XL: |  1  2  3  4  5  6  7  8  9 10 11 |
---------------+----------------------------------+-----
Crossbows      | 5 6 7 8 9 10 12 15 17 | 17.2
Fighting       | 3 5 6 |  6.1
Armour         | 2 5 0 |  0.0
Dodging        | 3 6 |  6.1
Stealth        | |  1.2

Action                   |  1- 3 |  4- 6 |  7- 9 | 10-12 || total
-------------------------+-------+-------+-------+-------++-------
Melee: Mace              |    15 |   122 |       |       ||   137
       Hand crossbow     |     2 |       |       |       ||     2
       Punch             |     1 |     3 |     3 |     2 ||     9
       Spear             |       |    83 |   189 |   179 ||   451
       Arbalest          |       |       |     1 |       ||     1
 Fire: Hand crossbow     |    81 |    46 |   119 |       ||   246
       Arbalest          |       |       |    67 |   153 ||   220
Throw: Throwing net      |       |       |     1 |       ||     1
Invok: Sacrifice Drink   |       |       |     1 |       ||     1
       Sacrifice Durabil |       |       |     1 |       ||     1
       Draw Out Power    |       |       |       |     3 ||     3
       Sacrifice Purity  |       |       |       |     1 ||     1
 Abil: Heal Wounds       |     1 |     4 |     7 |    16 ||    28
  Use: Potion            |       |     3 |     1 |    12 ||    16
       Scroll            |       |     1 |     3 |    10 ||    14
 Stab: Sleeping          |       |     3 |       |       ||     3
       Distracted        |       |       |       |     1 ||     1
Armor: Leather armour    |    25 |    73 |       |       ||    98
       Ring mail         |       |    12 |   111 |   210 ||   333
Dodge: Dodged            |    51 |   164 |   245 |   498 ||   958
